 Dungeon Crawl Stone Soup version 0.17-a0-1468-gbf503c2 (webtiles) character file.

59 pulse the Chopper (level 4, -4/52 HPs)
             Began as a Formicid Berserker on July 1, 2015.
             Was a Believer of Trog.
             Slain by Crazy Yiuf
             ... wielding a +3 quarterstaff of chaos
              (11 damage)
             ... on level 2 of the Dungeon.
             The game lasted 00:02:07 (2165 turns).

pulse the Chopper (Formicid Berserker)              Turns: 2165, Time: 00:02:08

Health: -4/52      AC: 22    Str: 28    XL:     4   Next: 22%
Magic:  4/4        EV:  2    Int: 11    God:    Trog [**....]
Gold:   32         SH:  0    Dex: 10    Spells: 0 memorised, 3 levels left

rFire  . . .     SeeInvis .     a - +0 hand axe
rCold  . . .     Clarity  .     (armour currently unavailable)
rNeg   + + +     SustAt   .     (no shield)
rPois  +         Gourm    .     (helmet unavailable)
rElec  .         Spirit   .     (cloak currently unavailable)
rCorr  .         Warding  .     (gloves currently unavailable)
rMut   .         Stasis   +     (boots currently unavailable)
MR     .....                    (no amulet)
Stlth  +.........               (no ring)
                                (no ring)

@: mighty, brilliant, tree-form, not resistant to hostile enchantments, very
unstealthy
A: permanent stasis, dig shafts and tunnels, four strong arms, (antennae 0),
(claws 0), blurry vision 1, subdued magic 1
a: Burn Spellbooks, Trog's Hand, Renounce Religion


You were on level 2 of the Dungeon.
You worshipped Trog.
Trog was pleased with you.
You were hungry.
You were a tree.
You visited 1 branch of the dungeon, and saw 2 of its levels.

You collected 32 gold pieces.

Inventory:

Hand weapons
 a - a +0 hand axe (weapon)
Armour
 d - a +0 scale mail (melded)
Jewellery
 s - an uncursed amulet of stasis {unknown}
Magical devices
 o - a wand of frost (19)
Scrolls
 e - a scroll of enchant weapon {unknown}
 g - 2 scrolls of fear {unknown}
 l - 2 scrolls of identify {unknown}
 n - 2 scrolls of remove curse {unknown}
 p - a scroll of fog {unknown}
 t - a scroll of teleportation {unknown}
Potions
 b - 2 potions of mutation
 q - a potion of cure mutation {unknown}
 r - a potion of poison {unknown}
Comestibles
 c - 2 bread rations
 f - 2 meat rations
 m - a slice of pizza


   Skills:
 - Level 3.2 Fighting
 * Level 4.8 Axes
 - Level 2.1 Armour
 - Level 1.7 Dodging


You had 3 spell levels left.
You didn't know any spells.

Dungeon Overview and Level Annotations

Branches:
Dungeon (2/15)

Altars:
Gozag
Trog

Annotations:
D:2 Crazy Yiuf


Innate Abilities, Weirdness & Mutations

You are under a permanent stasis effect.
You can dig through walls and to a lower floor.
Your four strong arms can wield two-handed weapons with a shield.
((You have a pair of large antennae on your head (SInv).))
((You have sharp fingernails.))
Scrolls take you a little longer to read.
Your spells are a little easier to cast, but a little less powerful.


Message History

* * * LOW HITPOINT WARNING * * *
Unknown command.
Drink which item? (? for menu, Esc to quit)
It was a potion of haste.
Your stasis keeps you stable.
Drink which item? (? for menu, Esc to quit)
It was a potion of might.
You feel very mighty all of a sudden.
Crazy Yiuf cries, "Announcement blue testudinal!"
Crazy Yiuf hits you but does no damage.
Unknown command.
Drink which item? (? for menu, Esc to quit)
It was a potion of lignification.
You turn into a tree.
Your +0 scale mail melds into your body.
Your roots penetrate the ground.
Crazy Yiuf completely misses you.
Unknown command.
Drink which item? (? for menu, Esc to quit)
It was a potion of brilliance.
You feel clever all of a sudden. Crazy Yiuf hits you but does no damage.
You are electrocuted!
You die...

##.......#.#.#.#...#..# #..#
....#### #.#.#.#...#..# #..#
#......# #.#...#...#..# #..#
#...#..################ #..#
#...#...# #..# #.###...##♣♣♣♣♣
#..# ...##.......♣.♣♣♣ ### #..#
....##....P..♣..♣#...# #..#
.....#....P.♣♣♣♣♣g...# #..#
._........P♣♣ ♣♣#..)# #..#
.....#..##♣♣ ### #####..##
....##..# #.......# ...##.#.#
#.......# #.##....###########
#......##
..............##..###########.##
##............##..........÷....#
##.#..........##.###############


You could see Crazy Yiuf.

Vanquished Creatures
  2 adders (D:2)
  An ooze (D:2)
  4 worms (D:2)
  A giant gecko (D:2)
  A ball python (D:1)
  3 goblins
  2 hobgoblins (D:1)
  3 bats
  4 giant newts
  A kobold (D:1)
  9 rats
31 creatures vanquished.

Notes
Turn   | Place    | Note
--------------------------------------------------------------
     0 | D:1      | pulse the Formicid Berserker began the quest for the Orb.
     0 | D:1      | Reached XP level 1. HP: 18/18 MP: 1/1
   452 | D:1      | Reached XP level 2. HP: 24/24 MP: 2/2
   754 | D:2      | Reached skill level 4 in Axes
   754 | D:2      | Reached XP level 3. HP: 19/29 MP: 3/3
  1115 | D:2      | Found an opulent altar of Gozag.
  1900 | D:2      | Noticed a moth of wrath
  1903 | D:2      | Found a bloodstained altar of Trog.
  1938 | D:2      | Acquired Trog's second power
  1938 | D:2      | Reached XP level 4. HP: 20/35 MP: 4/4
  2155 | D:2      | Noticed Crazy Yiuf
  2161 | D:2      | Gained mutation: You have sharp fingernails. [potion of mutation]
  2161 | D:2      | Gained mutation: Your spells are a little easier to cast, but a little less powerful. [potion of mutation]
  2161 | D:2      | Gained mutation: Scrolls take you a little longer to read. [potion of mutation]
  2165 | D:2      | Slain by Crazy Yiuf

Vault maps used:
D:1:      wheals_arrival_shading, hex_intersection
D:2:      tgw_trog, lemuel_round_altar, uniq_crazy_yiuf_cottage

Action                   |  1- 3 |  4- 6 || total
-------------------------+-------+-------++-------
Melee: Hand axe          |   109 |    19 ||   128
  Use: Potion            |       |     5 ||     5
 Stab: Sleeping          |     1 |       ||     1
  Eat: Chunk             |     3 |       ||     3
